 Dungeon Crawl Stone Soup version 0.27.0-1-g7a089689b8 (webtiles) character file.

Game seed: 14513503309415846215

1257 BatMobile the Magician (level 8, -1/55 (56) HPs)
             Began as a Formicid Conjurer on July 29, 2021.
             Was a Follower of Kikubaaqudgha.
             Slain by an ogre (17 damage)
             ... on level 6 of the Dungeon on July 31, 2021.
             The game lasted 00:25:01 (6296 turns).

BatMobile the Magician (Formicid Conjurer)          Turns: 6296, Time: 00:25:02

HP:   -1/55 (56)    AC:  3    Str: 12    XL:     8   Next: 81%
MP:   15/18         EV: 12    Int: 18    God:    Kikubaaqudgha [*.....]
Gold: 281           SH:  0    Dex: 15    Spells: 13/21 levels left

rFire    . . .     SeeInvis +   a - +2 flail "Zaypn" {vorpal, Dex+4}
rCold    . . .     Faith    .   (no shield)
rNeg     . . .     Spirit   .   e - +1 robe
rPois    .         Reflect  .   (helmet unavailable)
rElec    .         Harm     .   (no cloak)
rCorr    .         Rampage  .   (no gloves)
Will     .....                  (no boots)
Stlth    ++........             m - amulet of magic regeneration
HPRegen  0.18/turn              (no ring)
MPRegen  0.41/turn              (no ring)

@: very slightly contaminated, lightly drained
A: permanent stasis, dig shafts and tunnels, antennae 3, four strong arms
a: Dig, Shaft Self, Renounce Religion, Receive Corpses


You were on level 6 of the Dungeon.
You worshipped Kikubaaqudgha.
Kikubaaqudgha was aware of your devotion.
You visited 1 branch of the dungeon, and saw 6 of its levels.

You collected 281 gold pieces.

Inventory:

Hand Weapons
 a - the +2 flail "Zaypn" (weapon) {vorpal, Dex+4}
   (You found it on level 4 of the Dungeon)

   It inflicts extra damage upon your enemies.
   Dex:       It affects your dexterity (+4).
Missiles
 b - 180 stones (quivered)
 f - 106 arrows
 j - 24 poisoned darts
 u - 54 bolts
Armour
 e - a +1 robe (worn)
Jewellery
 m - an amulet of magic regeneration (around neck)
Wands
 g - a wand of acid (9)
 t - a wand of iceblast (11)
Scrolls
 c - a scroll of fog {unknown}
 d - a scroll of vulnerability {unknown}
 k - a scroll of noise
 l - a scroll of amnesia
Potions
 h - 2 potions of lignification {unknown}
 i - 2 potions of might
 n - a potion of cancellation {unknown}
 o - a potion of heal wounds
 p - a potion of curing
 q - a potion of berserk rage {unknown}
 r - a potion of invisibility


   Skills:
 - Level 2.0 Fighting
 - Level 1.9 Short Blades
 - Level 2.0 Maces & Flails
 - Level 1.0 Throwing
 - Level 2.0 Armour
 - Level 1.7 Dodging
 - Level 2.4 Stealth
 - Level 7.0 Spellcasting
 - Level 6.0 Conjurations
 * Level 2.3 Necromancy


You had 13 spell levels left.
You knew the following spells:

 Your Spells              Type           Power      Damage    Failure   Level
a - Searing Ray           Conj           54%        3d5       1%          2
c - Magic Dart            Conj           100%       1d8       1%          1
d - Vampiric Draining     Necr           7%         2d7       12%         3
z - Sublimation of Blood  Necr           7%         N/A       6%          2

Your spell library contained the following spells:

 Spells                   Type           Power      Damage    Failure   Level
 Animate Skeleton         Necr           28%        N/A       4%          1
 Pain                     Necr           56%        1d6       4%          1
 Dazzling Flash           Conj/Hex       34%        N/A       10%         3
 Passwall                 Tmut/Erth      5%         N/A       16%         2
 Fulminant Prism          Conj/Hex       8%         3d7       30%         4
 Iskenderun's Mystic Bla  Conj/Tloc      17%        2d5       30%         4
 Invisibility             Hex            3%         N/A       100%        6
 Swiftness                Air            Unusable   N/A       N/A         3

Dungeon Overview and Level Annotations

Branches:
Dungeon (6/15)
 Temple: D:4-7

Altars:
Ashenzari
Dithmenos
Elyvilon
Hepliaklqana
Kikubaaqudgha
Nemelex Xobeh
Qazlal
Uskayaw
Xom
Yredelemnul

Annotations:
D:1 Sigmund
D:2 1 exclusion
D:3 Ijyb


Innate Abilities, Weirdness & Mutations

You cannot be hasted, slowed, berserked, paralysed or teleported.
You can dig through walls and to a lower floor.
You have a pair of large antennae on your head. (SInv)
Your four strong arms can wield two-handed weapons with a shield.


Message History

Aiming: Searing Ray (safe; 1% risk of failure)
Press: ? - help, Shift-Dir - straight line, f - ogre
Aim: an ogre, wielding a +0 giant spiked club (90% to hit)
The searing ray hits the ogre!
The ogre is moderately wounded. (Press . to maintain the ray.)
The searing ray hits the ogre!
The ogre is severely wounded.
The searing ray misses the ogre.
The ogre hits you with a +0 giant spiked club!!
Casting: Searing Ray (safe; 1% risk of failure)
Confirm with . or Enter, or press ? or * to list all spells.
You draw magical energy from your own body!
The ogre barely misses you.
Unknown command.
Unknown command.
Casting: Sublimation of Blood (safe; 6% risk of failure)
Confirm with . or Enter, or press ? or * to list all spells.
Your reserves of magic are already full.
Unknown command.
Adjust (i)tems, (s)pells, or (a)bilities?
Adjust which spell? d - Sublimation of Blood Adjust to which letter? z - Sublimation of Blood d - Vampiric Draining Adjust (i)tems, (s)pells, or (a)bilities?
Adjust which spell?
Okay, then.
Casting: Sublimation of Blood (safe; 6% risk of failure)
Confirm with . or Enter, or press ? or * to list all spells.
Aiming: Vampiric Draining (dangerous; 12% risk of failure)
Press: ? - help, Shift-Dir - straight line, f/p - ogre
Aim: an ogre, wielding a +0 giant spiked club (severely wounded)
You miscast Vampiric Draining.
You are very lightly contaminated with residual magic.
Nothing appears to happen.
The ogre hits you with a +0 giant spiked club!
You die...
Kikubaaqudgha rasps: "You have failed me!
Welcome... death!"

#.# #.................. #.#
#.................. ###
#..................
#.................. #
#.................. #.
#.................. #.$
#..................
..#...####..................
..........O@................
......#####.................
..... #......[..[........
.... #.........))....... ...
#.........)†....... ..
#.....(..)......... .
#..................
#..................
#..................


You could see an ogre.

Vanquished Creatures
  A sky beast (D:6)
  A necrophage (D:4)
  A phantom (D:6)
  Blork the orc (D:4)
  A water moccasin zombie (D:4)
  A wight (D:4)
  2 centaur zombies
  A jelly (D:4)
  3 hounds
  3 orc priests (D:6)
  A centaur skeleton (D:6)
  A human zombie (D:4)
  2 iguanas (D:4)
  4 orc wizards
  A scorpion zombie (D:4)
  A killer bee zombie (D:6)
  A hound zombie (D:4)
  3 mummies (D:4)
  3 gnolls (D:5)
  A howler monkey skeleton (D:5)
  8 adders
  3 ufetubi
  2 adder zombies (D:4)
  4 worms
  15 orcs
  7 ball pythons
  8 bats
  7 endoplasms
  4 giant cockroaches
  7 goblins
  4 hobgoblins
  7 jackals
  2 quokkas (D:3)
  6 frilled lizards
  10 kobolds
  2 rats
129 creatures vanquished.

Vanquished Creatures (others)
  2 plants (D:1)
2 creatures vanquished.

Grand Total: 131 creatures vanquished

Notes
Turn   | Place    | Note
-------+----------+-------------------------------------------
     0 | D:1      | BatMobile the Formicid Conjurer began the quest for the
                  | Orb.
     0 | D:1      | Reached XP level 1. HP: 13/13 MP: 3/3
   170 | D:1      | Upgraded the game from 0.27-b1-42-g19c61b19a5 to
                  | 0.27.0-1-g7a089689b8
   407 | D:1      | Reached XP level 2. HP: 19/19 MP: 1/5
   421 | D:1      | Learned a level 2 spell: Searing Ray
   749 | D:1      | Found a faded altar of an unknown god.
   828 | D:1      | Reached XP level 3. HP: 24/24 MP: 0/6
   931 | D:2      | Noticed Sigmund
  1325 | D:2      | You fall into a shaft and drop 2 floors!
  1385 | D:4      | Identified the +2 flail "Zaypn" {vorpal, Dex+4}
  1506 | D:4      | Found a shimmering altar of Xom.
  1507 | D:4      | Found a hazy altar of Hepliaklqana.
  1509 | D:4      | Noticed Blork the orc
  1513 | D:5      | Entered Level 5 of the Dungeon
  1627 | D:5      | HP: 1/24 [poisoned by an adder]
  1738 | D:5      | Reached XP level 4. HP: 30/30 MP: 0/7
  1834 | D:5      | Noticed a phantom
  2215 | D:2      | Reached skill level 5 in Conjurations
  3206 | D:3      | Noticed Ijyb
  3329 | D:3      | Reached XP level 5. HP: 35/35 MP: 4/8
  3433 | D:3      | Found a broken altar of Ashenzari.
  4093 | D:4      | Reached skill level 1 in Fighting
  4115 | D:4      | Reached XP level 6. HP: 43/43 MP: 5/9
  4190 | D:4      | Reached skill level 1 in Short Blades
  4190 | D:4      | Reached skill level 1 in Maces & Flails
  4504 | D:4      | Reached skill level 1 in Throwing
  4504 | D:4      | Found an ancient bone altar of Kikubaaqudgha.
  4557 | D:4      | Became a worshipper of Kikubaaqudgha
  4594 | D:4      | Reached XP level 7. HP: 48/50 MP: 3/10
  4683 | D:4      | Reached skill level 1 in Armour
  4785 | D:4      | Reached skill level 3 in Spellcasting
  4812 | D:4      | Reached skill level 4 in Spellcasting
  4933 | D:4      | Killed Blork the orc
  4935 | D:4      | Found a sparkling altar of Nemelex Xobeh.
  4935 | D:4      | Found a shadowy altar of Dithmenos.
  4938 | D:4      | Found a hide-covered altar of Uskayaw.
  4938 | D:4      | Found a white marble altar of Elyvilon.
  4940 | D:4      | Found a stormy altar of Qazlal.
  5019 | D:4      | Reached XP level 8. HP: 56/56 MP: 9/15
  5174 | D:5      | Reached skill level 5 in Spellcasting
  5288 | D:5      | HP: 2/56 [ice beast (9)]
  5869 | D:6      | Reached skill level 6 in Spellcasting
  5889 | D:6      | Found a basalt altar of Yredelemnul.
  6150 | D:6      | Reached skill level 7 in Spellcasting
  6160 | D:6      | Reached skill level 1 in Necromancy
  6189 | D:6      | Reached * piety under Kikubaaqudgha
  6189 | D:6      | Received a gift from Kikubaaqudgha
  6233 | D:6      | Learned a level 3 spell: Vampiric Draining
  6236 | D:6      | Learned a level 2 spell: Sublimation of Blood
  6296 | D:6      | Slain by an ogre

Illustrated notes

Levels and vault maps discovered:
D:1:      lightli_arrival_statuegarden, layout_basic,
          shapermc_ecumenical_altar_mp_vishouse
D:2:      layout_rooms, uniq_sigmund
D:3:      layout_rooms, lemuel_tele_altar, serial_rivers,
          chequers_serial_rivers_large_b, chequers_serial_rivers_micro_c,
          chequers_serial_rivers_large_a, chequers_serial_rivers_micro_b,
          kennysheep_pointless_box, minivault_25, uniq_ijyb
D:4:      layout_gridville, grunt_temple_overflow_open,
          lemuel_mausoleum_altar_kikubaaqudgha, uniq_blork_the_orc
D:5:      wander_river, layout_basic
D:6:      layout_basic, amcnicky_altar_gilded, uniq_maggie

Skill      XL: |  1  2  3  4  5  6  7  8 |
---------------+-------------------------+-----
Conjurations   | 4 5 6 |  6.0
Fighting       | 1 2 |  2.0
Short Blades   | 1 |  1.9
Maces & Flails | 2 |  2.0
Throwing       | 1 |  1.0
Armour         | 2 |  2.0
Spellcasting   | 4 7 |  7.0
Necromancy     | 2 |  2.3
Dodging        | |  1.7
Stealth        | |  2.4

Action                   |  1- 3 |  4- 6 |  7- 9 || total
-------------------------+-------+-------+-------++-------
Melee: Unarmed           |     2 |       |       ||     2
       Dagger            |    11 |       |       ||    11
       Flail             |     1 |     8 |       ||     9
Throw: Stone             |     1 |       |       ||     1
 Cast: Magic Dart        |    33 |    32 |    51 ||   116
       Searing Ray       |     8 |    37 |    41 ||    86
       Sublimation of Bl |       |       |     1 ||     1
 Abil: Dig               |     1 |    11 |     9 ||    21
  Use: Potion            |     4 |     1 |       ||     5
       Scroll            |       |     7 |       ||     7
Armor: Robe              |     3 |     7 |     6 ||    16
Dodge: Dodged            |    17 |    31 |    27 ||    75
